 Dungeon Crawl Stone Soup version 0.30-a0-870-gc5d4c5acee (webtiles) character file.

Game seed: 15619108860968013660

1 M4edhros the Charlatan (level 1, 0/13 HPs)
             Began as an Octopode Artificer on Mar 11, 2023.
             Slain by a kobold
             ... wielding a +0 whip
              (3 damage)
             ... on level 1 of the Dungeon.
             The game lasted 00:00:18 (24 turns).

M4edhros the Charlatan (Octopode Artificer)           Turns: 24, Time: 00:00:18

Health: 0/13       AC:  1    Str: 11    XL:     1   Next: 20%
Magic:  1/1        EV: 13    Int: 13    God:
Gold:   0          SH:  0    Dex: 12    Spells: 0/0 levels left

rFire   . . .      SeeInvis .    (no weapon)
rCold   . . .      Faith    .    (no shield)
rNeg    . . .      Spirit   .    (helmet restricted)
rPois   .          Reflect  .    (no amulet)
rElec   .          Rampage  .    (no ring)
rCorr   .                        (no ring)
Will    .....                    (no ring)
Stlth   +++                      (no ring)
HPRegen 0.22/turn                (no ring)
MPRegen 0.07/turn                (no ring)
                                 (no ring)
                                 (no ring)

@: no status effects
A: almost no armour, amphibious, 8 rings, camouflage 1, gelatinous body 1,
(nimble swimmer 1), tentacles
a: no special abilities


You were on level 1 of the Dungeon.
You visited 1 branch of the dungeon, and saw 1 of its levels.

Inventory:

Wands
 b - a wand of flame (15) (quivered)
 c - a wand of charming (15)
 d - a wand of iceblast (5)


   Skills:
 - Level 1.0 Fighting
 - Level 2.3 Dodging
 - Level 1.3 Stealth
 + Level 0.4 Unarmed Combat
 - Level 3.2 Evocations


You couldn't memorise any spells.
You didn't know any spells.
Your spell library was empty.

Dungeon Overview and Level Annotations

Branches:
Dungeon (1/15)

Altars:


Innate Abilities, Weirdness & Mutations

You cannot wear most types of armour.
You are amphibious.
You can wear up to eight rings at the same time.
Your skin changes colour to match your surroundings (Stealth+).
Your rubbery body absorbs attacks. (AC +1, EV +1)
((You are camouflaged when in or above water. (Stealth+)))
You have tentacles for arms and can constrict up to eight enemies at once.


Message History

The bat closely misses you.
You barely miss the bat. Your grab misses the bat. Your squeeze misses the bat.
The bat hits you. The giant cockroach bites you.
You barely miss the giant cockroach. Your grab misses the giant cockroach.
Your squeeze misses the giant cockroach.
The giant cockroach bites you. The bat hits you.
You closely miss the bat. You grab the bat. You squeeze the bat.
The bat is moderately wounded.
You constrict the bat. The bat hits you.
The bat escapes!
The giant cockroach bites you. The bat hits you.
The giant cockroach bites you but does no damage.
The giant cockroach attacks as you move away!
The giant cockroach completely misses you.
You tentacle-slap the giant cockroach. You grab the giant cockroach.
The giant cockroach is moderately wounded.
You constrict the giant cockroach, but do no damage.
The giant cockroach bites you but does no damage.
You tentacle-slap the giant cockroach but do no damage.
The giant cockroach is moderately wounded.
You constrict the giant cockroach. The giant cockroach bites you.
You tentacle-slap the giant cockroach. You squeeze the giant cockroach.
You kill the giant cockroach!
The bat barely misses you. The bat barely misses you. The bat misses you.
The bat hits you but does no damage. The endoplasm hits you.
The bat attacks as you move away! The bat hits you.
* * * LOW HITPOINT WARNING * * *
The endoplasm attacks as you move away! The endoplasm hits you.
* * * LOW HITPOINT WARNING * * *
The bat closely misses you. The bat barely misses you.
Unknown command.
You tentacle-slap the bat. Your grab misses the bat.
The bat is severely wounded.
The bat hits you but does no damage. The bat misses you.
You barely miss the kobold. You grab the kobold. You constrict the kobold.
The bat closely misses you.
The endoplasm jiggles.
The kobold hits you with a +0 whip.
You die...

# .. .....# #. #.
..#............#
#..##8###8##.#.........#
.........#..#.........#
#.....#..##.........
#..<..#..##.........
#.....#..##.........
#........##.........
#8###8##.@#......... #.
...##b.K.........
.........##b...[....
############.........
#......... ####......
..#... .##... ....


You could see 2 bats and a kobold.

Vanquished Creatures
  A giant cockroach (D:1)
1 creature vanquished.

Notes
Turn   | Place    | Note
-------+----------+-------------------------------------------
     0 | D:1      | M4edhros the Octopode Artificer began the quest for the
                  | Orb.
     0 | D:1      | Reached XP level 1. HP: 13/13 MP: 1/1
    24 | D:1      | Slain by a kobold

Illustrated notes

Levels and vault maps discovered:
D:1:      scummos_arrival_simple_crosswalls, layout_basic,
          kennysheep_decorative_pillar

Action                     || total
---------------------------++-------
  Melee: Unarmed           ||     9
         Constrict         ||     3
         Tentacles         ||     2
 Armour: Skin              ||     4
  Dodge: Dodged            ||    12

Table legend: (Time is in decaauts)
 A = Elapsed time spent in this place.
 B = Non-inter-level travel time spent in this place.
 C = Inter-level travel time spent in this place.
 D = Time resting spent in this place.
 E = Time spent auto-exploring this place.
 F = Levels seen in this place.
 G = Mean time per level.
                   A        B        C        D        E       F      G
               +--------+--------+--------+--------+--------+-----+--------+
         Total |     24 |     24 |      0 |      0 |      0 |   1 |   24.0 |
       Dungeon |     24 |     24 |      0 |      0 |      0 |   1 |   24.0 |
               +--------+--------+--------+--------+--------+-----+--------+

Top non-repeatable levels by time:
     D:1: 24 daAuts
